 Dungeon Crawl Stone Soup version 0.17.1-3-g152610e (webtiles) character file.

198296 manyhoops the Severer (level 17, -9/144 HPs)
             Began as a Demonspawn Gladiator on Apr 26, 2016.
             Was the Champion of Okawaru.
             Mangled by a satyr
             ... wielding a +0 spear
              (10 damage)
             ... on level 4 of the Shoals.
             The game lasted 01:52:46 (37722 turns).

manyhoops the Severer (Demonspawn Gladiator)       Turns: 37722, Time: 01:52:46

Health: -9/144     AC: 26    Str: 37    XL:     17   Next: 80%
Magic:  0/22       EV:  5    Int: 11    God:    Okawaru [******]
Gold:   2550       SH:  0    Dex: 18    Spells: 0 memorised, 16 levels left

rFire  + . .     SeeInvis +     Q - +1 executioner's axe of Righteous Fury {chop, Int+3}
rCold  x . .     Clarity  .     Z - +8 plate armour {MR+}
rNeg   + . .     SustAt   .     (shield currently unavailable)
rPois  +         Gourm    .     c - +0 hat of Ezxoxker {*Corrode rN+ Str+6}
rElec  .         Spirit   +     u - +1 cloak {+Inv}
rCorr  .         Warding  .     X - +2 pair of gloves {Dex+3}
rMut   .         Stasis   .     (boots unavailable)
MR     +++..                    W - amulet "Foriask" {Regen+ Str+5}
Stlth  ..........               x - ring "Quudghac" {Fire rPois Str+6 Int-3 SInv}
                                k - ring of protection from magic

@: lethally poisoned (-9 -> -14), afraid, corroded equipment, extremely
resistant to hostile enchantments, extremely unstealthy
A: antennae 1, talons 3, rugged brown scales 3, spiny 2, magic shield, magic
regeneration, MP-powered wands
a: Heroism, Finesse, Renounce Religion, Evoke Invisibility
}: 1/15 runes: gossamer


You were on level 4 of the Shoals.
You worshipped Okawaru.
Okawaru was exalted by your worship.
You were not hungry.

You visited 6 branches of the dungeon, and saw 36 of its levels.
You also visited: Labyrinth, Sewer and Bailey.

You collected 3966 gold pieces.
You spent 1416 gold pieces at shops.

Inventory:

Hand Weapons
 d - a +7 battleaxe of freezing
 P - the +4 hand axe "Tautwaq" {flame, Str+7}
   (You bought it in a shop on level 4 of the Orcish Mines)

   It has been specially enchanted to burn those struck by it, causing extra
   injury to most foes and up to half again as much damage against particularly
   susceptible opponents.
   Big, fiery blades are also staple armaments of hydra-hunters.
   It affects your strength (+7).
 Q - the +1 executioner's axe of Righteous Fury (weapon) {chop, Int+3}
   (Okawaru gifted it to you on level 6 of the Lair of Beasts)

   It inflicts extra damage upon your enemies.
   It affects your intelligence (+3).
Missiles
 K - 2 throwing nets (quivered)
Armour
 c - the +0 hat of Ezxoxker (worn) {*Corrode rN+ Str+6}
   (Okawaru gifted it to you on level 1 of the Spider Nest)

   It affects your strength (+6).
   It protects you from negative energy.
   It may corrode your equipment when you take damage.
 u - a +1 cloak of invisibility (worn)
 L - the +1 helmet of the Villain {Stlth+}
   (You found it on level 1 of the Shoals)

   It makes you more stealthy.
 X - a +2 pair of gloves of dexterity (worn)
 Z - a +8 plate armour of magic resistance (worn)
Jewellery
 k - a ring of protection from magic (left hand)
 x - the ring "Quudghac" (right hand) {Fire rPois Str+6 Int-3 SInv}
   (You bought it in a shop on level 4 of the Orcish Mines)

   [ring of fire]

   It enhances your fire magic, and weakens your ice magic.
   It affects your strength (+6).
   It affects your intelligence (-3).
   It protects you from fire.
   It makes you vulnerable to cold.
   It protects you from poison.
   It lets you see invisible.
 C - an uncursed amulet of the gourmand
 M - the ring "Midaneza" {rElec rC+ AC+2}
   (You found it on level 13 of the Dungeon)

   [ring of protection]

   It affects your AC (+2).
   It protects you from cold.
   It insulates you from electricity.
 W - the amulet "Foriask" (around neck) {Regen+ Str+5}
   (You found it in a labyrinth)

   [amulet of regeneration]

   It affects your strength (+5).
   It increases your rate of regeneration.
Wands
 q - a wand of polymorph (8)
 v - a wand of disintegration (6)
 y - a wand of cold (9)
 H - a wand of hasting (2)
 J - a wand of teleportation (4)
 U - a wand of frost (17)
 V - a wand of disintegration (11)
Scrolls
 f - 5 scrolls of teleportation
 g - 22 scrolls of remove curse
 h - 4 scrolls of immolation
 i - 2 scrolls of fog
 j - 5 scrolls of blinking
 l - 4 scrolls of recharging
 o - 3 scrolls of summoning
 r - 9 scrolls of fear
 B - a scroll of holy word
 E - 6 scrolls of amnesia
 G - 3 scrolls of magic mapping
 I - 4 scrolls of vulnerability
 N - 6 scrolls of random uselessness
 S - 4 scrolls of noise
Potions
 a - a potion of berserk rage
 m - 6 potions of brilliance
 n - 7 potions of magic
 p - 4 potions of might
 s - 3 potions of lignification
 w - a potion of flight
 z - 2 potions of invisibility
 A - 6 potions of cancellation
 D - a potion of haste
 F - 3 potions of agility
 O - 5 potions of curing
 T - a potion of heal wounds
Books
 Y - a book of Unlife

   Spells                             Type                      Level
   a - Recall                         Summoning/Translocation      3
   b - Animate Dead                   Necromancy                   4
   c - Control Undead                 Necromancy                   4
   d - Cigotuvi's Embrace             Necromancy                   5
   e - Death Channel                  Necromancy                   6
   f - Simulacrum                     Ice/Necromancy               6
Miscellaneous
 b - a stone of tremors
 R - a phial of floods
Comestibles
 t - 5 meat rations


   Skills:
 + Level 12.9 Fighting
 - Level 20.3 Axes
 - Level 1.7 Throwing
 * Level 15.0 Armour
 - Level 2.6 Dodging
 - Level 7.4 Invocations
 * Level 7.2 Evocations


You had 16 spell levels left.
You didn't know any spells.

Dungeon Overview and Level Annotations

Branches:
Dungeon (15/15)            Temple (1/1) D:5            Lair (8/8) D:9
 Shoals (4/4) Lair:4       Spider (4/4) Lair:3        Slime (0/6) Lair:7
    Orc (4/4) D:9             Elf (0/3) Orc:3        Vaults (0/5) D:13
 Depths (0/5) D:15

Altars:
Ashenzari
Cheibriados
Dithmenos
Elyvilon
Fedhas
Kikubaaqudgha
Nemelex Xobeh
Okawaru
Qazlal
Ru
Sif Muna
Trog
Vehumet
Xom
Yredelemnul
Zin
The Shining One
Beogh
Jiyva

Shops:
Orc:3 (}   Orc:4 =%*([

Portals:
Trove: D:12 (give 5 scrolls of blinking)

Annotations:
Orc:3 Saint Roka


Innate Abilities, Weirdness & Mutations

You have claws for feet.
You are completely covered in rugged brown scales (AC +3, +7% HP).
You are mostly covered in sharp spines.
When hurt, damage is shared between your health and your magic reserves.
You regenerate magic rapidly.
You have a pair of small antennae on your head.
You expend magic power (3 MP) to strengthen your wands.


Message History

The merfolk impaler hits you from afar with a trident of piercing!
* * * LOW HITPOINT WARNING * * *
x2
There is a stone staircase leading up, spattered with blood here.
Unknown command.
You feel sick.
The merfolk impaler hits you but does no damage.
The merfolk impaler hits you from afar with a trident of freezing!
* * * LOW HITPOINT WARNING * * *
The merfolk impaler freezes you.
* * * LOW HITPOINT WARNING * * *
The wind drake bites the plant.
The merfolk impaler hits you from afar with a trident of piercing!
* * * LOW HITPOINT WARNING * * *
x2 The satyr hits you but does no damage.
The merfolk hits you from afar with a trident!
* * * LOW HITPOINT WARNING * * *
The merfolk impaler is struck by your spines.
The merfolk impaler hits you but does no damage.
The satyr hits you from afar with a spear!
You die...

≈≈≈≈≈≈≈≈≈≈≈≈≈≈≈≈≈
≈≈≈≈≈≈≈≈≈≈≈≈≈≈≈≈≈
≈≈≈≈≈≈≈≈≈≈≈≈≈≈≈≈≈
≈≈≈≈≈≈≈≈≈≈≈≈≈≈≈≈≈
≈≈≈≈≈≈≈PPPP≈P≈≈≈≈
≈≈≈≈≈PPP≈P≈≈≈≈≈≈.
≈≈≈≈≈P≈P≈PP≈≈≈≈..
≈≈≈≈P≈≈≈≈@mk.≈≈..
≈≈≈≈≈≈P..≈cc.....
≈≈≈≈≈PPmcmmc.....
≈≈...P.ctm..P....
......P....c.....
.....P..[.....m..
..........P....P.
...............PP


You could see a merfolk avatar, 3 merfolk impalers, 4 satyrs, a snapping turtle
(roused), a wind drake (roused), 2 merfolk and 2 fauns.

Vanquished Creatures
  Arachne (Spider:3)
  Rupert (Lair:7)
  Polyphemus (Shoals:2)
  6 ghost moths
  Louise (Shoals:1)
  4 emperor scorpions
  A very ugly thing (D:15)
  The ghost of juanjsm the Eclecticist, a journeyman SpVM of Vehumet (Shoals:2)
  A salamander stormcaller (D:15)
  2 merfolk impalers (Shoals:3)
  Snorg (Lair:5)
  5 vault guards
  A minotaur (Lab)
  Josephine (Shoals:1)
  3 yaktaur captains (D:15)
  An ogre mage (D:15)
  2 rakshasas
  An entropy weaver (Spider:1)
  The ghost of solomonrf the Basher, a journeyman MiFi (D:9)
  Harold (Lair:3)
  Erolcha (D:8)
  2 hydras
  2 merfolk avatars
  Erica (D:8)
  3 catoblepae
  2 death yaks (Shoals:2)
  3 merfolk aquamancers
  2 centaur warriors
  3 orc high priests
  The ghost of Xenophilius the Cleaver, a novice HOBe of Trog (Bailey)
  7 sea snakes
  A flayed ghost (D:15)
  7 unseen horrors
  A shadow wraith (D:14)
  6 hornets
  6 hill giants
  A wolf spider zombie (D:15)
  18 harpies
  A lindwurm (Lair:8)
  2 orc knights
  2 orc sorcerers
  11 griffons
  8 ugly things
  6 cyclopes
  32 wolf spiders
  15 orb spiders
  7 manticores
  5 fauns
  2 moths of wrath
  A water nymph (Shoals:3)
  10 elephants
  18 spiny frogs
  7 sirens
  Maurice (D:12)
  5 centaur skeletons
  2 torpor snails
  2 gargoyles
  4 black mambas
  A spiny frog (shapeshifter) (D:15)
  4 demonic crawlers
  10 komodo dragons
  2 kobold demonologists
  3 yaktaurs (D:15)
  11 trolls
  4 efreet
  A queen bee (Spider:2)
  2 fire drakes
  13 merfolk
  A tengu conjurer (D:15)
  16 blink frogs
  A wind drake (Shoals:1)
  24 jumping spiders
  Grinder (D:4)
  A polar bear (Lair:4)
  5 two-headed ogres
  4 snapping turtles
  4 wyverns
  2 centaur simulacra (D:15)
  5 slime creatures
  A boulder beetle (Spider:1)
  A spriggan (D:7)
  A shadow (D:11)
  25 tarantellas
  A deep elf fighter (D:15)
  22 trapdoor spiders
  15 redbacks
  3 deep elf magi
  4 wraiths (Shoals:1)
  2 hungry ghosts
  6 water elementals
  5 basilisks
  49 yaks
  25 wolves
  2 steam dragons
  10 hippogriffs
  10 water moccasins
  6 wargs
  A mottled dragon (D:15)
  2 soldier ants
  A hornet simulacrum (D:14)
  6 porcupines
  2 black bears
  2 phantoms
  The ghost of solomonrf the Cudgeler, an amateur TrFi (D:3)
  19 spiders
  2 ice beasts
  2 necrophages
  An eye of draining (D:13)
  33 orc warriors
  A wasp (Spider:2)
  3 boggarts (D:15)
  12 centaurs
  2 sky beasts
  23 crocodiles
  11 ogres
  8 gnoll sergeants (Bailey)
  A big kobold (D:14)
  30 giant frogs
  5 scorpions
  29 killer bees
  13 wights
  3 electric eels (Lair:6)
  14 crimson imps
  2 centaur zombies
  2 giant frog zombies (D:9)
  5 jellies
  25 orc priests
  6 hounds
  38 orc wizards
  4 giant frog skeletons
  11 worker ants
  7 gnoll shamans
  10 iguanas
  16 sheep
  A hound zombie (D:6)
  2 hound skeletons
  Robin (D:2)
  24 gnolls
  58 river rats
  2 worker ant zombies
  16 adders
  5 shadow imps
  2 adder zombies
  An ooze (D:5)
  6 worms
  An adder skeleton (D:8)
  198 orcs
  7 bats
  11 giant cockroaches
  5 hobgoblins
  12 jackals
  13 kobolds
  4 quokkas
  7 ball pythons
  6 giant geckos
  14 giant newts
  15 goblins
  17 rats
  9 fungi
  6 plants
1343 creatures vanquished.

Vanquished Creatures (others)
  A shadow wraith (D:15)
  A swamp dragon (shapeshifter) (D:15)
  A wolf spider (Spider:4)
  An iguana (D:13)
  A fire vortex (D:15)
  22 fungi
  6 plants
33 creatures vanquished.

Grand Total: 1376 creatures vanquished

Notes
Turn   | Place    | Note
--------------------------------------------------------------
     0 | D:1      | manyhoops the Demonspawn Gladiator began the quest for the Orb.
     0 | D:1      | Reached XP level 1. HP: 16/16 MP: 1/1
    56 | D:1      | Reached skill level 3 in Axes
    57 | D:1      | Gained mutation: You are partially covered in rugged brown scales (AC +1, +3% HP). [demonic ancestry]
    57 | D:1      | Reached XP level 2. HP: 9/22 MP: 2/2
   661 | D:1      | Gained mutation: You are partially covered in sharp spines. [demonic ancestry]
   661 | D:1      | Reached XP level 3. HP: 21/28 MP: 3/3
  1016 | D:2      | Reached skill level 1 in Armour
  1218 | D:2      | Noticed Robin
  1221 | D:2      | Killed Robin
  1222 | D:2      | Gained mutation: You have sharp toenails. [demonic ancestry]
  1222 | D:2      | Reached XP level 4. HP: 32/35 MP: 4/4
  1555 | D:2      | Reached skill level 4 in Axes
  1773 | D:3      | Reached XP level 5. HP: 21/40 MP: 5/5
  1820 | D:3      | Found a shadowy altar of Dithmenos.
  1843 | D:3      | Noticed solomonrf's ghost (amateur TrFi)
  1857 | D:3      | HP: 2/60 [solomonrf's ghost (5)]
  1864 | D:3      | Killed solomonrf's ghost
  2060 | D:3      | Gained mutation: You are mostly covered in rugged brown scales (AC +2, +5% HP). [demonic ancestry]
  2060 | D:3      | Reached XP level 6. HP: 23/49 MP: 6/6
  2077 | D:3      | Found a sacrificial altar of Ru.
  2188 | D:3      | Found a glowing drain.
  2192 | Sewer    | Entered a sewer
  3296 | D:4      | Noticed Grinder
  3303 | D:4      | Paralysed by Grinder for 7 turns
  3316 | D:4      | Killed Grinder
  3316 | D:4      | Reached skill level 5 in Axes
  3316 | D:4      | Reached XP level 7. HP: 17/54 MP: 7/7
  4121 | D:5      | Entered Level 5 of the Dungeon
  4134 | D:5      | Reached skill level 5 in Armour
  4200 | D:5      | Gained mutation: When hurt, damage is shared between your health and your magic reserves. [demonic ancestry]
  4200 | D:5      | Reached XP level 8. HP: 24/64 MP: 8/8
  4491 | D:5      | Reached skill level 6 in Axes
  4969 | D:5      | Reached skill level 5 in Fighting
  5009 | D:5      | Found a staircase to the Ecumenical Temple.
  5018 | Temple   | Entered the Ecumenical Temple
  5154 | Temple   | Became a worshipper of Warmaster Okawaru
  6005 | D:7      | Reached skill level 7 in Axes
  6078 | D:7      | Reached * piety under Okawaru
  6078 | D:7      | Reached XP level 9. HP: 36/72 MP: 6/9
  6434 | D:7      | Found a bloodstained altar of Trog.
  6512 | D:7      | Found a deep blue altar of Sif Muna.
  6856 | D:8      | Noticed Erica
  6872 | D:8      | Killed Erica
  6872 | D:8      | Reached ** piety under Okawaru
  6872 | D:8      | Reached skill level 8 in Axes
  7330 | D:8      | Found a radiant altar of Vehumet.
  7333 | D:8      | Found a glowing silver altar of Zin.
  7334 | D:8      | Found a bloodstained altar of Trog.
  7421 | D:8      | Found a shimmering altar of Xom.
  7526 | D:8      | Noticed Erolcha
  7538 | D:8      | Killed Erolcha
  7538 | D:8      | Reached *** piety under Okawaru
  7538 | D:8      | Reached XP level 10. HP: 64/84 MP: 8/10
  7564 | D:8      | Received a gift from Okawaru
  8054 | D:9      | Noticed solomonrf's ghost (journeyman MiFi)
  8519 | D:9      | Reached skill level 9 in Axes
  8797 | D:9      | Reached **** piety under Okawaru
  9108 | D:9      | Found a staircase to the Lair.
  9162 | D:9      | Found a roughly hewn altar of Beogh.
  9162 | D:9      | Found a staircase to the Orcish Mines.
  9656 | D:9      | Got a shimmering scale mail
  9667 | D:9      | Identified the +1 scale mail "Archevor" {-Cast Int+7} (You found it on level 9 of the Dungeon)
  9713 | Orc:1    | Entered Level 1 of the Orcish Mines
  9817 | Orc:1    | Reached XP level 11. HP: 68/93 MP: 8/11
  9819 | Orc:1    | Reached skill level 10 in Axes
 10041 | Orc:1    | Reached skill level 1 in Invocations
 11201 | Orc:2    | Reached ***** piety under Okawaru
 11395 | Lair:1   | Entered Level 1 of the Lair of Beasts
 11691 | Lair:1   | Got a jewelled falchion
 11729 | Lair:1   | Found a labyrinth entrance.
 11738 | Lab      | Entered a labyrinth
 11740 | Lab      | Identified the cursed +1 falchion of Gozag's Condemnation {venom, rF- Str+4} (You found it on level 1 of the Lair of Beasts)
 13144 | Lab      | Noticed a minotaur
 13148 | Lab      | Killed a minotaur
 13148 | Lab      | Received a gift from Okawaru
 13151 | Lab      | Got a warped hunting sling {god gift}
 13154 | Lab      | Got a fine zirconium amulet
 13155 | Lab      | Got a jewelled mottled dragon armour
 13171 | Lair:1   | Identified the +0 mottled dragon armour of the Hanged Man {rN+ Str+2} (You found it in a labyrinth)
 13213 | Lair:1   | Identified the amulet "Foriask" {Regen+ Str+5} (You found it in a labyrinth)
 13216 | Lair:1   | Identified the +3 hunting sling "Giant's Bane" {speed, MR+ Str+2} (Okawaru gifted it to you in a labyrinth)
 13293 | Lair:1   | Reached skill level 10 in Fighting
 14178 | Lair:2   | Reached skill level 11 in Axes
 14518 | Lair:2   | Received a gift from Okawaru
 14812 | Lair:3   | Reached skill level 5 in Invocations
 14903 | Lair:3   | Reached skill level 10 in Armour
 15051 | Lair:3   | Noticed Harold
 15085 | Lair:3   | Killed Harold
 15085 | Lair:3   | Gained mutation: You are mostly covered in sharp spines. [demonic ancestry]
 15085 | Lair:3   | Reached XP level 12. HP: 89/101 MP: 11/15
 15172 | Lair:3   | Found a hole to the Spider Nest.
 15222 | Lair:3   | Reached skill level 12 in Axes
 15626 | Lair:4   | Found a staircase to the Shoals.
 15693 | Lair:4   | Received a gift from Okawaru
 15797 | Lair:4   | Noticed a five-headed hydra
 15822 | Lair:3   | Killed a five-headed hydra
 16381 | Lair:5   | Noticed Snorg
 16403 | Lair:5   | Killed Snorg
 16403 | Lair:5   | Reached skill level 13 in Axes
 16857 | Lair:5   | Reached ****** piety under Okawaru
 17209 | Lair:6   | Received a gift from Okawaru
 17212 | Lair:6   | Got a bloodstained executioner's axe {god gift}
 17225 | Lair:6   | Identified the +1 executioner's axe of Righteous Fury {chop, Int+3} (Okawaru gifted it to you on level 6 of the Lair of Beasts)
 17680 | Lair:6   | Gained mutation: You have razor-sharp toenails. [demonic ancestry]
 17680 | Lair:6   | Reached XP level 13. HP: 94/108 MP: 15/18
 17998 | Lair:7   | Found a staircase to the Slime Pits.
 18000 | Lair:7   | Found a viscous altar of Jiyva.
 18042 | Lair:7   | Noticed Rupert
 18058 | Lair:7   | Paralysed by Rupert for 6 turns
 18077 | Lair:7   | Killed Rupert
 18077 | Lair:7   | Received a gift from Okawaru
 18203 | Lair:7   | Reached skill level 14 in Axes
 18480 | Lair:8   | Entered Level 8 of the Lair of Beasts
 19244 | Lair:8   | Received a gift from Okawaru
 19588 | Lair:8   | Reached skill level 15 in Axes
 19865 | Lair:8   | Received a gift from Okawaru
 20202 | D:9      | Killed solomonrf's ghost
 20238 | D:10     | Entered Level 10 of the Dungeon
 20421 | D:10     | Gained mutation: You are completely covered in rugged brown scales (AC +3, +7% HP). [demonic ancestry]
 20421 | D:10     | Reached XP level 14. HP: 111/120 MP: 19/19
 21109 | D:11     | Found a flagged portal.
 21119 | Bailey   | Entered a bailey
 21137 | Bailey   | Noticed Xenophilius's ghost (novice HOBe)
 21150 | Bailey   | Killed Xenophilius's ghost
 22529 | D:12     | Noticed Maurice
 22544 | D:12     | Killed Maurice
 22551 | D:12     | Identified 2 scrolls of acquirement
 22554 | D:12     | Got a slimy buckler
 22567 | D:12     | Identified the +0 buckler "Ariffiur" {rElec rPois rF+ Str-2} (You acquired it on level 12 of the Dungeon)
 22736 | D:12     | Found a portal to a secret trove of treasure.
 23152 | D:13     | Reached skill level 16 in Axes
 23300 | D:13     | Received a gift from Okawaru
 23556 | D:13     | Found a gate to the Vaults.
 24151 | D:14     | Received a gift from Okawaru
 24341 | D:14     | Gained mutation: You have claws for feet. [demonic ancestry]
 24341 | D:14     | Reached XP level 15. HP: 128/128 MP: 20/20
 24798 | D:15     | Entered Level 15 of the Dungeon
 25097 | D:15     | Reached skill level 17 in Axes
 25200 | D:15     | Received a gift from Okawaru
 25214 | D:15     | Got a twisted chain mail {god gift}
 25220 | D:15     | Found a shimmering altar of Xom.
 25222 | D:15     | Found a radiant altar of Vehumet.
 25259 | D:15     | Found a basalt altar of Yredelemnul.
 25356 | D:15     | Identified the +1 chain mail of Lasopol {-Tele rCorr SInv} (Okawaru gifted it to you on level 15 of the Dungeon)
 25846 | D:15     | Found a staircase to the Depths.
 27303 | D:10     | Received a gift from Okawaru
 27919 | D:13     | Got a faintly glowing bone ring
 27954 | D:13     | Identified the ring "Midaneza" {rElec rC+ AC+2} (You found it on level 13 of the Dungeon)
 28242 | Orc:3    | Found Uthot Nesarr's Gadget Emporium.
 28300 | Orc:3    | Found Cystotui's Antique Weapon Boutique.
 28315 | Orc:3    | Found a staircase to the Elven Halls.
 28353 | Orc:3    | Bought a shimmering war axe for 212 gold pieces
 28879 | Orc:3    | Identified the +4 war axe of Tumult {chop, +Inv rN+ Stlth+} (You bought it in a shop on level 3 of the Orcish Mines)
 28929 | Orc:4    | Entered Level 4 of the Orcish Mines
 28983 | Orc:4    | Found a roughly hewn altar of Beogh.
 29128 | Orc:4    | Found Mynemnua's Food Boutique.
 29229 | Orc:4    | Noticed Saint Roka
 29452 | Orc:4    | Found a roughly hewn altar of Beogh.
 29464 | Orc:4    | Found a roughly hewn altar of Beogh.
 29856 | Orc:4    | Found a roughly hewn altar of Beogh.
 29860 | Orc:4    | Found Pasoh's General Store.
 29880 | Orc:4    | Bought a potion of curing for 39 gold pieces
 29916 | Orc:4    | Found a roughly hewn altar of Beogh.
 29917 | Orc:4    | Found Buvolul's Jewellery Emporium.
 29925 | Orc:4    | Bought the ring "Quudghac" {Fire rPois Str+6 Int-3 SInv} for 653 gold pieces
 30076 | Orc:4    | Found Jiprarui's Antique Weapon Emporium.
 30077 | Orc:4    | Found a roughly hewn altar of Beogh.
 30078 | Orc:4    | Found Vupsoh's Antique Armour Shoppe.
 30085 | Orc:4    | Bought a jewelled helmet for 228 gold pieces
 30085 | Orc:4    | Bought an embroidered cloak for 108 gold pieces
 30107 | Orc:4    | Identified the cursed +0 helmet "Gason" {*Contam rCorr Int+3} (You bought it in a shop on level 4 of the Orcish Mines)
 30112 | Orc:4    | Bought an ancient hand axe for 176 gold pieces
 30113 | Orc:4    | Identified the +4 hand axe "Tautwaq" {flame, Str+7} (You bought it in a shop on level 4 of the Orcish Mines)
 30243 | Orc:2    | Found a roughly hewn altar of Beogh.
 30592 | Spider:1 | Entered Level 1 of the Spider Nest
 30718 | Spider:1 | Received a gift from Okawaru
 30721 | Spider:1 | Got a twisted hat {god gift}
 30722 | Spider:1 | Identified the +0 hat of Ezxoxker {*Corrode rN+ Str+6} (Okawaru gifted it to you on level 1 of the Spider Nest)
 30886 | Spider:1 | Reached XP level 16. HP: 94/138 MP: 21/21
 31525 | Spider:2 | Gained mutation: You have a pair of small antennae on your head. [potion of beneficial mutation]
 31574 | Spider:2 | Gained mutation: You expend magic power (3 MP) to strengthen your wands. [mutagenic glow]
 32006 | Spider:3 | Reached skill level 18 in Axes
 32028 | Spider:3 | Reached skill level 1 in Evocations
 32380 | Spider:3 | Noticed Arachne
 32396 | Spider:3 | Killed Arachne
 33017 | Spider:4 | Entered Level 4 of the Spider Nest
 33191 | Spider:4 | Received a gift from Okawaru
 33781 | Spider:4 | Reached skill level 19 in Axes
 34410 | Spider:4 | Gained mutation: You regenerate magic rapidly. [demonic ancestry]
 34410 | Spider:4 | Reached XP level 17. HP: 139/144 MP: 20/22
 34438 | Spider:4 | Reached skill level 5 in Evocations
 34749 | Spider:4 | Got a gossamer rune of Zot
 35177 | Shoals:1 | Entered Level 1 of the Shoals
 35177 | Shoals:1 | Noticed Louise
 35202 | Shoals:1 | Killed Louise
 35326 | Shoals:1 | Received a gift from Okawaru
 35396 | Shoals:1 | Got a transparent helmet
 35874 | Shoals:1 | Noticed Josephine
 35877 | Shoals:1 | Killed Josephine
 36082 | Shoals:2 | Identified the +1 helmet of the Villain {Stlth+} (You found it on level 1 of the Shoals)
 36261 | Shoals:2 | Noticed juanjsm's ghost (journeyman SpVM)
 36270 | Shoals:2 | Killed juanjsm's ghost
 36371 | Shoals:2 | Reached skill level 20 in Axes
 36534 | Shoals:2 | Noticed Polyphemus
 36542 | Shoals:2 | Received a gift from Okawaru
 36562 | Shoals:2 | Killed Polyphemus
 37504 | Shoals:3 | Reached skill level 15 in Armour
 37533 | Shoals:3 | Received a gift from Okawaru
 37676 | Shoals:4 | Entered Level 4 of the Shoals
 37722 | Shoals:4 | HP: 1/144 [merfolk/trident (7)]
 37722 | Shoals:4 | Mangled by a satyr

Action                   |  1- 3 |  4- 6 |  7- 9 | 10-12 | 13-15 | 16-18 || total
-------------------------+-------+-------+-------+-------+-------+-------++-------
Melee: War axe           |    81 |   131 |   265 |       |       |       ||   477
       Battleaxe         |       |       |     9 |   593 |       |    18 ||   620
       Executioner's axe |       |       |       |    42 |  1202 |   653 ||  1897
       Mace              |       |       |       |     3 |     7 |       ||    10
Invok: Heroism           |       |       |       |     1 |     5 |     6 ||    12
       Finesse           |       |       |       |       |     3 |     3 ||     6
Evoke: Wand              |       |       |       |       |     2 |       ||     2
  Use: Scroll            |       |    10 |     9 |    12 |    16 |    11 ||    58
       Potion            |       |     1 |     2 |     3 |     7 |     6 ||    19
 Stab: Distracted        |       |       |       |       |     1 |       ||     1
       Petrifying        |       |       |       |       |     1 |       ||     1
  Eat: Bread ration      |       |     1 |       |     3 |     7 |     6 ||    17
       Chunk             |       |     4 |    13 |    17 |    91 |     9 ||   134
       Meat ration       |       |       |       |     1 |       |     1 ||     2
       Beef jerky        |       |       |       |     1 |     1 |     1 ||     3
       Royal jelly       |       |       |       |       |     1 |       ||     1
